 Dungeon Crawl Stone Soup version 0.28.0-47-ge53b351184 (webtiles) character file.

Game seed: 1980776411454685944

2701 Bruhh the Thaumaturge (level 9, -12/62 HPs)
             Began as a Djinni Cinder Acolyte on Apr 28, 2022.
             Was a High Priest of Ignis.
             Shot with a sling bullet by Joseph (13 damage)
             ... on level 7 of the Dungeon.
             The game lasted 00:17:12 (6983 turns).

Bruhh the Thaumaturge (Djinni Cinder Acolyte)       Turns: 6983, Time: 00:17:12

Health: -12/62     AC:  4    Str: 13    XL:     9   Next: 97%
Gold:   340        EV: 12    Int: 21    God:    Ignis [*****.] SH:  0 Dex: 14

rFire   + + +      SeeInvis .   x - +3 whip
rCold   x . .      Faith    .   (no shield)
rNeg    . . .      Spirit   .   b - +0 robe
rPois   ∞          Reflect  .   (no helmet)
rElec   .          Harm     .   p - +0 cloak
rCorr   .          Rampage  .   z - +0 pair of gloves
Will    .....                   (boots unavailable)
Stlth   +.........              t - amulet of regeneration
HPRegen 1.00/turn               u - +6 ring of dexterity
MPRegen 0.00/turn               (no ring)

@: flying
A: sickness immunity, fire resistance 2, cold vulnerability 1, float, innate
caster, HP casting, extra vitality 1
a: Renounce Religion, Fiery Armour, Foxfire Swarm, Rising Flame


You were on level 7 of the Dungeon.
You worshipped Ignis.
Ignis was extremely pleased with you.
You visited 1 branch of the dungeon, and saw 7 of its levels.

You collected 340 gold pieces.

Inventory:

Hand Weapons
 a - a -1 falchion of flaming
 o - a +2 quarterstaff of chaos
 x - a +3 whip (weapon)
Missiles
 v - 2 throwing nets
Armour
 b - a +0 robe (worn)
 p - a +0 cloak (worn)
 z - a +0 pair of gloves (worn)
Magical Staves
 y - a staff of death
Jewellery
 t - an amulet of regeneration (around neck)
 u - a +6 ring of dexterity (left hand)
 A - a ring of protection from cold
 D - an amulet of reflection
Wands
 G - a wand of polymorph (6)
Scrolls
 c - 5 scrolls of identify {unknown}
 f - a scroll of summoning {unknown}
 l - 2 scrolls of blinking {unknown}
 m - 2 scrolls of teleportation {unknown}
 n - a scroll of brand weapon {unknown}
 q - 3 scrolls of immolation {unknown}
 r - a scroll of enchant weapon {unknown}
 s - a scroll of acquirement {unknown}
 w - a scroll of amnesia {unknown}
 C - 2 scrolls of noise {unknown}
 F - a scroll of vulnerability {unknown}
Potions
 d - a potion of heal wounds {unknown}
 e - 2 potions of lignification {unknown}
 g - 3 potions of brilliance {unknown}
 h - a potion of berserk rage {unknown}
 i - 2 potions of mutation {unknown}
 j - 4 potions of haste {unknown}
 k - 3 potions of curing {unknown}
 B - a potion of invisibility {unknown}
 E - 2 potions of attraction {unknown}


   Skills:
 + Level 3.8 Fighting
 - Level 2.6 Long Blades
 + Level 2.3 Dodging
 - Level 10.0 Spellcasting


You had 16 spell levels left.
You knew the following spells:

 Your Spells              Type           Power      Damage    Failure   Level
a - Scorch                Fire           100%       2d10      1%          2
b - Slow                  Hex            100%       N/A       1%          1
c - Searing Ray           Conj           100%       2d8       1%          2
d - Confusing Touch       Hex            51%        N/A       1%          3
e - Airstrike             Air            25%        N/A       1%          4
Your spell library was empty.

Dungeon Overview and Level Annotations

Branches:
Dungeon (7/15)
 Temple: D:4-7

Altars:
Fedhas
Hepliaklqana
Kikubaaqudgha

Shops:
D:5 =

Annotations:
D:7 Harold, Joseph


Innate Abilities, Weirdness & Mutations

You are immune to sickness and miasma.
You are immune to poison.
Your flesh is very heat resistant. (rF++)
You are vulnerable to cold. (rC-)
You float through the air rather than walking.
You learn spells naturally, not from books.
Your magical power is your life essence.
You have superior vitality. (+4 MHP)


Message History

Your magical contamination has completely faded away.
There is a stone staircase leading up here.
You fly upwards.
There is a stone staircase leading down here.
You fly downwards.
Level annotation: Harold, Joseph
There is a stone staircase leading up here.
Flames lash the black bear.
The black bear is heavily wounded.
The black bear's fire resistance burns away.
Flames lash Joseph.
Joseph is lightly wounded.
Joseph's fire resistance burns away.
The black bear bites you.
The black bear claws you but does no damage.
The black bear completely misses you.
Flames lash the black bear.
The black bear is burned terribly!
The black bear is almost dead.
The black bear goes berserk!
Casting: Scorch (safe; 1% risk of failure)
Confirm with . or Enter, or press ? or * to list all spells.
Flames lash Joseph.
Joseph is burned terribly!
Joseph is moderately wounded.
The black bear bites you! The black bear claws you. x2
Joseph unwields a +0 hunting sling.
Joseph wields a +0 quarterstaff.
Joseph hits you with a +0 quarterstaff! The black bear misses you.
The black bear closely misses you. The black bear claws you.
* * * LOW HITPOINT WARNING * * *
There is a stone staircase leading up here.
The black bear closely misses you. x2
The black bear claws you but does no damage.
The black bear bites you!
* * * LOW HITPOINT WARNING * * *
The black bear claws you.
* * * LOW HITPOINT WARNING * * *
The black bear claws you.
* * * LOW HITPOINT WARNING * * *
Joseph unwields a +0 quarterstaff.
Joseph wields a +0 hunting sling.
Joseph shoots a sling bullet.
The sling bullet hits you!
You die...

#...#. #...#.
..o ....## ...
#...# ..
#...### #.....#
#...@.### #
#.##h[[.# #
#.###@[.## ####
#.# ##)..# ...
#.## ##### ..
#..# . ##.#
#############.#
#.....@.......#
..#############
.##


You could see Joseph (combustible) and a black bear (berserk, combustible).

Vanquished Creatures
  Eustachio (D:6)
  A steam dragon (D:6)
  Edmund (D:6)
  Duvessa (D:7)
  An ice beast (D:5)
  An orc warrior (D:5)
  A sky beast (D:4)
  A black bear (D:6)
  A necrophage (D:7)
  A centaur (D:6)
  2 ogres
  A kobold brigand (D:6)
  3 scorpions
  4 gnoll sergeants (D:5)
  2 water moccasin zombies (D:5)
  Dowan (D:7)
  A wight (D:5)
  A centaur zombie (D:5)
  A bullfrog zombie (D:6)
  A bullfrog skeleton (D:6)
  A hound (D:6)
  3 orc priests
  2 centaur skeletons
  A jelly (D:6)
  Crazy Yiuf (D:2)
  Jessica (D:3)
  Terence (D:2)
  2 iguanas
  6 orc wizards
  A hound skeleton (D:4)
  10 gnolls
  A howler monkey skeleton (D:6)
  4 adders
  A white imp (D:6)
  A worm (D:4)
  A dart slug (D:1)
  17 orcs
  9 endoplasms
  4 giant cockroaches
  9 hobgoblins
  8 jackals
  13 kobolds
  7 quokkas
  6 ball pythons
  A bat (D:1)
  6 frilled lizards
  6 goblins
  6 rats
156 creatures vanquished.

Notes
Turn   | Place    | Note
-------+----------+-------------------------------------------
     0 | D:1      | Bruhh the Djinni Cinder Acolyte began the quest for the
                  | Orb.
     0 | D:1      | Reached XP level 1. HP: 20/20 MP: 0/0
    96 | D:1      | Reached XP level 2. HP: 9/25 MP: 0/0
   465 | D:1      | Reached skill level 3 in Spellcasting
   886 | D:1      | Reached XP level 3. HP: 24/30 MP: 0/0
   886 | D:1      | Learned a level 1 spell: Slow
  1169 | D:2      | Found a faded altar of an unknown god.
  1330 | D:2      | Noticed Terence
  1336 | D:2      | Killed Terence
  1337 | D:2      | Reached XP level 4. HP: 27/35 MP: 0/0
  1866 | D:2      | Reached skill level 4 in Spellcasting
  2069 | D:2      | Found a runed translucent door.
  2070 | D:2      | Noticed Crazy Yiuf
  2313 | D:2      | Reached XP level 5. HP: 19/40 MP: 0/0
  2313 | D:2      | Learned a level 2 spell: Searing Ray
  2978 | D:2      | Killed Crazy Yiuf
  3589 | D:3      | Noticed Jessica
  3592 | D:3      | Killed Jessica
  3593 | D:3      | Reached XP level 6. HP: 41/46 MP: 0/0
  3678 | D:3      | Reached skill level 5 in Spellcasting
  4859 | D:5      | Entered Level 5 of the Dungeon
  4886 | D:5      | Reached XP level 7. HP: 40/50 MP: 0/0
  4886 | D:5      | Learned a level 3 spell: Confusing Touch
  5078 | D:5      | Reached skill level 6 in Spellcasting
  5269 | D:5      | Reached XP level 8. HP: 54/56 MP: 0/0
  5278 | D:5      | Reached skill level 7 in Spellcasting
  5593 | D:5      | Found Azasoz's Jewellery Shoppe.
  5602 | D:5      | Reached skill level 8 in Spellcasting
  5926 | D:6      | Reached XP level 9. HP: 47/60 MP: 0/0
  5926 | D:6      | Learned a level 4 spell: Airstrike
  6009 | D:6      | Found a hazy altar of Hepliaklqana.
  6055 | D:6      | Noticed Edmund
  6062 | D:6      | Reached skill level 9 in Spellcasting
  6072 | D:6      | Killed Edmund
  6228 | D:6      | Found a blossoming altar of Fedhas.
  6380 | D:6      | Noticed Eustachio
  6387 | D:6      | Killed Eustachio
  6574 | D:7      | Reached skill level 10 in Spellcasting
  6594 | D:7      | Noticed Harold
  6600 | D:7      | Paralysed by Harold for 5 turns
  6884 | D:7      | Reached skill level 1 in Dodging
  6936 | D:7      | Noticed Duvessa
  6937 | D:7      | Noticed Dowan
  6942 | D:7      | Noticed Joseph
  6943 | D:7      | Killed Duvessa
  6945 | D:7      | Killed Dowan
  6983 | D:7      | HP: 1/62 [black bear (5)]
  6983 | D:7      | Shot with a sling bullet by Joseph

Illustrated notes

Levels and vault maps discovered:
D:1:      scummos_arrival_hexagon, layout_rooms
D:2:      layout_loops_ring, basic_ecumenical_altar, minmay_misc_feat_square,
          uniq_crazy_yiuf_cottage, uniq_terence
D:3:      minmay_diamond_boxcup, layout_rooms, serial_rivers,
          chequers_serial_rivers_micro_e, chequers_serial_rivers_micro_a,
          chequers_serial_rivers_micro_c, chequers_serial_rivers_marsh,
          chequers_serial_rivers_micro_e, chequers_serial_rivers_large_b,
          nrook_campfire, uniq_jessica
D:4:      layout_rooms, minmay_quantized
D:5:      layout_basic, serial_shops, nicolae_shop_stone, sword_in_stone
D:6:      layout_rooms, fedhas_bush_and_centaur_altar,
          mainiacjoe_overflow_alcove_4, uniq_edmund, uniq_eustachio
D:7:      layout_rooms, elyvilon_altar_3, amcnicky_altar_gilded,
          lemuel_round_altar, minmay_temple_entry_wispy, serial_shops, shop,
          kennysheep_generic_room_2, uniq_harold, uniq_joseph, uniq_duvessa,
          uniq_pikel

Skill      XL: |  1  2  3  4  5  6  7  8  9 |
---------------+----------------------------+-----
Spellcasting   | 3 4 5 6 8 10 | 10.0
Dodging        | 2 |  2.3
Fighting       | |  3.8
Long Blades    | |  2.6

Action                   |  1- 3 |  4- 6 |  7- 9 || total
-------------------------+-------+-------+-------++-------
Melee: Falchion          |    17 |     2 |       ||    19
       Whip              |       |       |     6 ||     6
 Cast: Scorch            |    26 |    96 |   131 ||   253
       Slow              |       |     2 |     5 ||     7
       Airstrike         |       |       |    23 ||    23
       Confusing Touch   |       |       |     2 ||     2
Armor: Robe              |     5 |     6 |    29 ||    40
Dodge: Dodged            |    20 |    14 |    57 ||    91
